 Dungeon Crawl Stone Soup version 0.28-a0-1159-g27aa881441 (webtiles) character file.

Game seed: 5685343954989844932

34 ChaosChampion the Skirmisher (level 3, 0/29 HPs)
             Began as a Demonspawn Abyssal Knight on Dec 15, 2021.
             Was a Follower of Lugonu.
             Slain by a jackal (1 damage)
             ... on level 2 of the Dungeon.
             The game lasted 00:01:34 (1568 turns).

ChaosChampion the Skirmisher (DsAK)                 Turns: 1568, Time: 00:01:35

Health: 0/29       AC:  3    Str: 15    XL:     3   Next: 14%
Magic:  5/5        EV: 11    Int: 11    God:    Lugonu [*.....]
Gold:   149        SH:  0    Dex: 13    Spells: 2/2 levels left

rFire   . . .      SeeInvis .   a - +1 mace
rCold   . . .      Faith    .   (no shield)
rNeg    . . .      Spirit   .   b - +0 leather armour
rPois   .          Reflect  .   (no helmet)
rElec   .          Harm     .   (no cloak)
rCorr   .          Rampage  .   (no gloves)
Will    .....                   (no boots)
Stlth   +.........              (no amulet)
HPRegen 0.09/turn               (no ring)
MPRegen 0.09/turn               (no ring)

@: no status effects
A: demonic magic 1
a: Renounce Religion, Depart the Abyss


You were on level 2 of the Dungeon.
You worshipped Lugonu.
Lugonu was aware of your devotion.
You visited 1 branch of the dungeon, and saw 2 of its levels.
You visited the Abyss 1 time.

You collected 149 gold pieces.

Inventory:

Hand Weapons
 a - a +1 mace (weapon)
Missiles
 e - a throwing net
Armour
 b - a +0 leather armour (worn)
Scrolls
 d - a scroll of identify {unknown}
 f - a scroll of blinking {unknown}
 h - a scroll of amnesia {unknown}
Potions
 g - a potion of resistance {unknown}


   Skills:
 + Level 3.3 Fighting
 + Level 2.2 Maces & Flails
 + Level 2.2 Armour
 - Level 0.8 Dodging
 + Level 3.1 Invocations


You had 2 spell levels left.
You didn't know any spells.
Your spell library was empty.

Dungeon Overview and Level Annotations

Branches:
Dungeon (2/15)

Altars:

Shops:
D:2 (


Innate Abilities, Weirdness & Mutations

Spells you cast may paralyse adjacent enemies.


Message History

The jackal is heavily wounded.
The jackal bites you but does no damage.
The rat misses you. The jackal bites you.
* * * LOW HITPOINT WARNING * * *
The rat bites you.
* * * LOW HITPOINT WARNING * * *
You closely miss the jackal.
The jackal is heavily wounded.
The jackal barely misses you. The rat barely misses you.
The jackal barely misses you.
You barely miss the jackal.
The jackal is heavily wounded.
The jackal closely misses you. The rat bites you but does no damage.
The jackal misses you.
You closely miss the jackal.
The jackal is moderately wounded.
The rat closely misses you. The jackal barely misses you.
The rat closely misses you.
It was a potion of curing.
You feel better.
The jackal bites you but does no damage.
The jackal bites you.
* * * LOW HITPOINT WARNING * * *
The rat bites you but does no damage.
You closely miss the jackal.
The jackal is moderately wounded.
The jackal bites you.
* * * LOW HITPOINT WARNING * * *
The rat barely misses you. The jackal bites you.
* * * LOW HITPOINT WARNING * * *
You closely miss the jackal.
The jackal is moderately wounded.
The jackal closely misses you. The rat barely misses you.
You closely miss the jackal.
The jackal is moderately wounded.
The jackal barely misses you. The rat completely misses you.
The jackal bites you but does no damage.
You closely miss the rat. The jackal bites you.
* * * LOW HITPOINT WARNING * * *
The rat bites you but does no damage. The jackal bites you.
You die...

## ..#.. ..#..
.....######
..)....#.@#
#.....#hr#
#..†.b###### #
#....†.†#..# .
###.....#..###### .
#[.#.....##...# ##.
#..#........∩.# ##..
######...#....###..#
#.######.......


You could see a jackal, a bat and a rat.

Vanquished Creatures
  A dart slug (D:1)
  2 ball pythons (D:1)
  4 giant cockroaches
  A goblin (D:1)
  3 hobgoblins
  7 jackals
  3 kobolds (D:1)
  2 quokkas (D:1)
  A frilled lizard (D:1)
  2 rats (D:1)
26 creatures vanquished.

Vanquished Creatures (others)
  3 plants (D:1)
3 creatures vanquished.

Grand Total: 29 creatures vanquished

Notes
Turn   | Place    | Note
-------+----------+-------------------------------------------
     0 | Abyss:1  | ChaosChampion the Demonspawn Abyssal Knight began the quest
                  | for the Orb.
     0 | Abyss:1  | Reached XP level 1. HP: 18/18 MP: 2/2
    11 | D:1      | Escaped the Abyss
   475 | D:1      | Gained mutation: Spells you cast may paralyse adjacent
                  | enemies. [demonic ancestry]
   475 | D:1      | Reached XP level 2. HP: 21/24 MP: 4/4
  1499 | D:2      | Found Fenlabla's Weapon Shop.
  1533 | D:2      | Reached XP level 3. HP: 28/29 MP: 5/5
  1568 | D:2      | HP: 1/29 [jackal (3)]
  1568 | D:2      | Slain by a jackal

Illustrated notes

Levels and vault maps discovered:
D:1:      amcnicky_arrival_choice, layout_loops_ring, serial_forest,
          infiniplex_forest_end_3, infiniplex_forest_lined_3,
          infiniplex_forest_clump_small, infiniplex_forest_lined_3,
          infiniplex_forest_lined_3_way, infiniplex_forest_join, minivault_24
D:2:      layout_rooms, serial_shops, shop_coins, chequers_garden,
          kennysheep_pointless_box, hangedman_decor_push

Skill      XL: |  1  2 |
---------------+-------+-----
Maces & Flails | 2 |  2.2
Armour         | 2 |  2.2
Invocations    | 3 |  3.1
Fighting       | |  3.3
Dodging        | |  0.8

Action                   || total
-------------------------++-------
Melee: Mace              ||    75
  Use: Potion            ||     1
 Stab: Sleeping          ||     1
Armor: Leather armour    ||    35
Dodge: Dodged            ||    90

Table legend: (Time is in decaauts)
 A = Elapsed time spent in this place.
 B = Non-inter-level travel time spent in this place.
 C = Inter-level travel time spent in this place.
 D = Time resting spent in this place.
 E = Time spent auto-exploring this place.
 F = Levels seen in this place.
 G = Mean time per level.
                   A        B        C        D        E       F      G
               +--------+--------+--------+--------+--------+-----+--------+
         Total |   1589 |   1535 |     54 |    371 |    948 |   3 |  529.7 |
       Dungeon |   1578 |   1524 |     54 |    371 |    946 |   2 |  789.0 |
         Abyss |     11 |     11 |      0 |      0 |      2 |   1 |   11.0 |
               +--------+--------+--------+--------+--------+-----+--------+

Top non-repeatable levels by time:
     D:1: 1483 daAuts
     D:2: 95 daAuts
 Abyss:1: 11 daAuts
